 Dungeon Crawl Stone Soup version 0.28.0-47-ge53b351184 (webtiles) character file.

Game seed: 5886756012958852707

250 pkoi the Ruffian (level 5, -4/41 HPs)
             Began as a Demigod Gladiator on Apr 28, 2022.
             Slain by Grinder (6 damage)
             ... on level 3 of the Dungeon.
             The game lasted 00:04:18 (4607 turns).

pkoi the Ruffian (Demigod Gladiator)                Turns: 4607, Time: 00:04:18

Health: -4/41      AC:  7    Str: 19    XL:     5   Next: 57%
Magic:  7/7        EV: 11    Int: 10    God:
Gold:   143        SH:  0    Dex: 15    Spells: 4/4 levels left

rFire   . . .      SeeInvis .     - Unarmed
rCold   . . .      Faith    .   (no shield)
rNeg    . . .      Spirit   .   l - +0 scale mail
rPois   .          Reflect  .   k - +0 helmet
rElec   .          Harm     .   (no cloak)
rCorr   .          Rampage  .   (no gloves)
Will    .....                   (no boots)
Stlth   ..........              (no amulet)
HPRegen 0.13/turn               (no ring)
MPRegen 0.10/turn               (no ring)

@: hasted, very quick
A: high MP 1, forlorn, divine attributes
a: no special abilities


You were on level 3 of the Dungeon.
You visited 1 branch of the dungeon, and saw 4 of its levels.

You collected 143 gold pieces.

Inventory:

Hand Weapons
 b - a +0 hunting sling of venom
 d - a +0 dagger
 f - a +0 spear
 g - a +0 dagger
Missiles
 c - 3 throwing nets (quivered)
 e - 35 stones
Armour
 a - a +0 leather armour
 k - a +0 helmet (worn)
 l - a +0 scale mail (worn)
Wands
 h - a wand of iceblast (1)
Scrolls
 j - 2 scrolls of identify
Potions
 i - a potion of haste


   Skills:
 - Level 2.0 Fighting
 - Level 1.7 Throwing
 + Level 2.0 Armour
 - Level 3.0 Dodging
 * Level 5.1 Unarmed Combat
 + Level 1.1 Evocations


You had 4 spell levels left.
You didn't know any spells.
Your spell library was empty.

Dungeon Overview and Level Annotations

Branches:
Dungeon (4/15)
 Temple: D:4-7

Annotations:
D:3 Grinder, Natasha
D:4 Menkaure


Innate Abilities, Weirdness & Mutations

You have an increased reservoir of magic. (+10% MP)
You shall have no god before yourself.
Your divine heritage dramatically boosts your attributes as you level up.


Message History

You shoot a stone.
The stone hits Grinder but does no damage.
Grinder is lightly wounded.
Grinder closely misses you.
Your +0 hunting sling of venom stops dripping with poison.
You are now empty-handed.
You barely miss Grinder.
Grinder is lightly wounded.
Grinder hits you.
You writhe in agony.
You hit Grinder.
Grinder is lightly wounded.
Grinder hits you but does no damage.
You hit Grinder but do no damage.
Grinder is lightly wounded.
Grinder gestures at you.
You suddenly lose the ability to move!
Grinder hits you but does no damage. Grinder hits you.
* * * LOW HITPOINT WARNING * * *
You writhe in agony.
* * * LOW HITPOINT WARNING * * *
Grinder hits you!
* * * LOW HITPOINT WARNING * * *
You writhe in agony.
* * * LOW HITPOINT WARNING * * *
Grinder hits you but does no damage. Grinder hits you!
* * * LOW HITPOINT WARNING * * *
You writhe in agony.
* * * LOW HITPOINT WARNING * * *
You can move again.
Unknown command.
Unknown command.
Unknown command.
Okay, then.
Okay, then.
You feel yourself speed up. Grinder hits you.
* * * LOW HITPOINT WARNING * * *
You writhe in agony.
You die...

##...##..#...#..##.#
########....)####.#
#..............#
#......8.......#
#.......(.....##
#.###....(###.#
###..#...#'.###
#...#...#.5.#
#<.##...##.@# ###
#...##### #####


You could see Grinder.

Vanquished Creatures
  An ogre (D:3)
  A hound (D:2)
  Ijyb (D:3)
  Natasha (D:3)
  A gnoll (D:4)
  An adder (D:3)
  An ufetubus (D:3)
  A worm (D:2)
  2 dart slugs (D:3)
  An orc (D:3)
  3 ball pythons (D:2)
  5 bats
  5 endoplasms
  A giant cockroach (D:3)
  6 goblins
  2 hobgoblins (D:3)
  4 jackals (D:1)
  4 kobolds
  A quokka (D:1)
  2 frilled lizards (D:2)
  4 rats
48 creatures vanquished.

Notes
Turn   | Place    | Note
-------+----------+-------------------------------------------
     0 | D:1      | pkoi the Demigod Gladiator began the quest for the Orb.
     0 | D:1      | Reached XP level 1. HP: 17/17 MP: 3/3
   364 | D:1      | Reached skill level 3 in Unarmed Combat
   853 | D:1      | Reached XP level 2. HP: 13/24 MP: 4/4
  2199 | D:2      | Reached XP level 3. HP: 26/29 MP: 5/5
  2252 | D:2      | Reached skill level 4 in Unarmed Combat
  2555 | D:3      | Noticed Natasha
  2566 | D:3      | Killed Natasha
  2567 | D:3      | Reached XP level 4. HP: 15/36 MP: 6/6
  2931 | D:3      | Noticed Grinder
  2935 | D:3      | Paralysed by Grinder for 7 turns
  3029 | D:3      | Reached skill level 1 in Armour
  3529 | D:3      | Noticed Ijyb
  3587 | D:3      | Noticed Natasha
  4084 | D:3      | Killed Ijyb
  4127 | D:4      | Noticed Menkaure
  4331 | D:4      | Noticed an ogre
  4332 | D:4      | Noticed an ogre
  4343 | D:3      | Killed an ogre
  4344 | D:3      | Reached skill level 5 in Unarmed Combat
  4344 | D:3      | Reached skill level 1 in Evocations
  4344 | D:3      | Reached XP level 5. HP: 10/41 MP: 7/7
  4601 | D:3      | Paralysed by Grinder for 5 turns
  4607 | D:3      | HP: 2/41 [Grinder (2)]
  4607 | D:3      | Slain by Grinder

Illustrated notes

Levels and vault maps discovered:
D:1:      dpeg_arrival_another_circle, layout_loops_corners
D:2:      layout_loops_ring, ebering_ecumenical_altar_hall, basic_altar,
          minmay_unequal
D:3:      wander_river, layout_rooms, grunt_ministairs_6, uniq_natasha,
          uniq_ijyb, uniq_grinder
D:4:      lemuel_castle_with_subvaults [lemuel_castle_interior_original],
          layout_cave_pools, mainiacjoe_overflow_brackets,
          mainiacjoe_overflow_cross_hatched, grunt_temple_overflow_cloverleaf,
          kennysheep_okawaru_gauntlet, lightli_minifort, uniq_menkaure

Skill      XL: |  1  2  3  4 |
---------------+-------------+-----
Unarmed Combat | 3 4 5 |  5.1
Fighting       | 2 |  2.0
Dodging        | 3 |  3.0
Armour         | 2 |  2.0
Evocations     | 1 |  1.1
Throwing       | |  1.7

Action                   |  1- 3 |  4- 6 || total
-------------------------+-------+-------++-------
Melee: Unarmed           |   111 |    67 ||   178
       Punch             |     2 |     2 ||     4
 Fire: Hunting sling     |    33 |    27 ||    60
  Use: Scroll            |       |     4 ||     4
       Potion            |       |     1 ||     1
 Stab: Sleeping          |     1 |       ||     1
Armor: Leather armour    |    45 |       ||    45
       Scale mail        |    12 |    26 ||    38
Dodge: Dodged            |    68 |    48 ||   116
